 Dungeon Crawl Stone Soup version 0.19-a0-1899-g2d93087 (webtiles) character file.

73 dobroeutro the Bolt Thrower (level 4, -2/28 HPs)
             Began as a Kobold Hunter on Oct 19, 2016.
             Killed from afar by Sigmund (7 damage)
             ... with a magic dart
             ... on level 2 of the Dungeon.
             The game lasted 00:02:09 (1343 turns).

dobroeutro the Bolt Thrower (Kobold Hunter)         Turns: 1343, Time: 00:02:09

Health: -2/28      AC: 12    Str: 10    XL:     4   Next: 51%
Magic:  4/4        EV: 21    Int: 12    God:
Gold:   47         SH:  0    Dex: 15    Spells: 0 memorised, 3 levels left

rFire  . . .     SeeInvis .     (weapon currently unavailable)
rCold  . . .     Gourm    .     (armour currently unavailable)
rNeg   + + +     Faith    .     (shield currently unavailable)
rPois  +         Spirit   .     (no helmet)
rElec  .         Reflect  .     (cloak currently unavailable)
rCorr  .         Harm     .     (gloves currently unavailable)
MR     .....                    (boots currently unavailable)
Stlth  ++........               (no amulet)
                                (no ring)
                                (no ring)

@: fungus-form (expiring)
A: carnivore 3
a: no special abilities


You were on level 2 of the Dungeon.
You were not hungry.
You were a sentient fungus.
You visited 1 branch of the dungeon, and saw 2 of its levels.

You collected 47 gold pieces.

Inventory:

Hand Weapons
 a - a +1 hand crossbow
 b - a +0 short sword
 e - a +2 short sword of draining (melded)
Missiles
 d - 29 bolts
Armour
 c - a +0 leather armour (melded)
Scrolls
 k - a scroll of blinking {unknown}
 l - a scroll of enchant weapon {unknown}
Potions
 g - 2 potions of magic {unknown}
 h - a potion of lignification {unknown}
 j - a potion of might {unknown}
Comestibles
 f - a meat ration
 i - a beef jerky


   Skills:
 + Level 3.0 Fighting
 + Level 1.8 Short Blades
 + Level 5.3 Crossbows
 + Level 3.7 Dodging
 - Level 1.3 Stealth


You had 3 spell levels left.
You didn't know any spells.

Dungeon Overview and Level Annotations

Branches:
Dungeon (2/15)

Altars:

Annotations:
D:2 Sigmund


Innate Abilities, Weirdness & Mutations

You are small and have problems with some larger weapons.
You are carnivorous and can eat meat at any time.


Message History

You miss something. Something hits you.
* * * LOW HITPOINT WARNING * * *
You closely miss something. You hit something but do no damage.
Something completely misses you.
You closely miss something.
You hear a zap.
You turn into a sentient fungus.
Your +2 short sword of draining melds into your body.
Your +0 leather armour melds into your body.
You barely miss something.
You hear a zap.
Something tries to affect you, but you resist.
You hear a zap.
Your transformation is almost over.
You hear a zap.
Something tries to affect you, but you resist.
Something tries to affect you, but you resist.
A magic dart appears from out of thin air!
The magic dart hits you!
You die...

#. #.....(.(..# .#
####.########.# ..
#...)# #. #.##.#
#.#####.##.#
#.......########
##.............#
#.............#
#....f........#
#####.............#
#.................#
#.................#
#.........†.......#
#.......####'#'#######
#.......# #.#.......#
#.......# #.#######.#
#.......#
#.#.#####.###


There were no monsters in sight!

Vanquished Creatures
  2 gnolls (D:1)
  3 oozes (D:1)
  A worm (D:2)
  A dart slug (D:1)
  3 bats (D:1)
  A giant cockroach (D:1)
  3 hobgoblins (D:1)
  8 jackals (D:1)
  A frilled lizard (D:1)
  5 goblins (D:1)
  3 kobolds (D:1)
  2 rats (D:1)
33 creatures vanquished.

Notes
Turn   | Place    | Note
-------+----------+-------------------------------------------
     0 | D:1      | dobroeutro the Kobold Hunter began the quest for the Orb.
     0 | D:1      | Reached XP level 1. HP: 12/12 MP: 1/1
   237 | D:1      | Reached XP level 2. HP: 12/18 MP: 2/2
   243 | D:1      | Reached skill level 5 in Crossbows
   424 | D:1      | Reached XP level 3. HP: 22/22 MP: 3/3
   475 | D:1      | Reached skill level 1 in Short Blades
   600 | D:1      | Reached XP level 4. HP: 8/27 MP: 4/4
  1311 | D:2      | Noticed Sigmund
  1343 | D:2      | Killed from afar by Sigmund

Vault maps used:
D:1:      erik_arrival_gehennom, amethyst_killhole
D:2:      uniq_iyjb, uniq_sigmund

Skill      XL: |  1  2  3  4 |
---------------+-------------+-----
Crossbows      | 5 |  5.3
Dodging        | 3 |  3.7
Short Blades   | 1 |  1.8
Fighting       | 3 |  3.0
Stealth        | |  1.3

Action                   |  1- 3 |  4- 6 || total
-------------------------+-------+-------++-------
Melee: Short sword       |    67 |    43 ||   110
       Unarmed           |       |     1 ||     1
 Fire: Hand crossbow     |     2 |     3 ||     5
 Stab: Distracted        |     1 |       ||     1
  Eat: Chunk             |     1 |     2 ||     3
Armor: Leather armour    |    13 |     8 ||    21
Dodge: Dodged            |    49 |    32 ||    81
